 Dungeon Crawl Stone Soup version 0.28.0-53-g5a82cb258f (webtiles) character file.

Game seed: 2496476543744674754

10214 cbfl8 the Cleaver (level 11, -11/86 HPs)
             Began as a Demonspawn Berserker on Sept 9, 2022.
             Was an Elder of Trog.
             Mangled by a death knight
             ... wielding a +3 glaive
              (13 damage)
             ... on level 13 of the Dungeon.
             The game lasted 00:18:49 (14333 turns).

cbfl8 the Cleaver (Demonspawn Berserker)           Turns: 14333, Time: 00:18:49

Health: -11/86     AC: 17    Str: 25    XL:     11   Next: 33%
Magic:  0/11       EV: 15    Int: 14    God:    Trog [****..]
Gold:   498        SH:  0    Dex: 20    Spells: 10/10 levels left

rFire   . . .      SeeInvis +   o - +1 battleaxe (elec)
rCold   . . .      Faith    .   (shield currently unavailable)
rNeg    . . .      Spirit   +   c - +1 plate armour {rPois}
rPois   +          Reflect  .   k - +0 hat
rElec   .          Harm     .   B - scarf {shadows}
rCorr   .          Rampage  .   C - +2 pair of gloves
Will    .....                   (no boots)
Stlth   ..........              n - amulet "Qar Kui" {Spirit rPois Int+6}
HPRegen 0.24/turn               a - ring of see invisible
MPRegen 0.12/turn               h - +6 ring of strength

@: mighty, agile, about to teleport, slowed, very slow
A: antennae 2, thin skeletal structure 2, ignite blood 1, powered by pain 2
a: Renounce Religion, Berserk, Trog's Hand, Brothers in Arms


You were on level 13 of the Dungeon.
You worshipped Trog.
Trog was greatly pleased with you.
You visited 1 branch of the dungeon, and saw 11 of its levels.

You collected 563 gold pieces.
You spent 65 gold pieces at shops.

Inventory:

Hand Weapons
 o - a +1 battleaxe of electrocution (weapon)
Armour
 c - a +1 plate armour of poison resistance (worn)
 k - a +0 hat (worn)
 B - a scarf of shadows (worn)
 C - a +2 pair of gloves (worn)
Jewellery
 a - a ring of see invisible (left hand)
 f - a ring of protection from cold
 h - a +6 ring of strength (right hand)
 n - the amulet "Qar Kui" (around neck) {Spirit rPois Int+6}
   (You found it on level 2 of the Dungeon)

   [amulet of guardian spirit]

   It causes incoming damage to be divided between your reserves of health and
   magic.
   Int:       It affects your intelligence (+6).
   rPois:     It protects you from poison.
Wands
 l - a wand of iceblast (10) (quivered)
 v - a wand of mindburst (5)
 y - a wand of polymorph (7)
Scrolls
 e - 4 scrolls of teleportation
 m - 3 scrolls of silence
 q - a scroll of summoning
 r - 2 scrolls of torment {unknown}
 s - a scroll of brand weapon
 w - 2 scrolls of fog {unknown}
 F - a scroll of noise {unknown}
 G - a scroll of immolation {unknown}
Potions
 b - a potion of invisibility {unknown}
 g - a potion of cancellation {unknown}
 i - a potion of might {unknown}
 j - a potion of berserk rage {unknown}
 p - 2 potions of resistance
 t - a potion of degeneration {unknown}
 u - 3 potions of curing {unknown}
 x - 7 potions of attraction {unknown}
 z - 2 potions of lignification
 D - a potion of heal wounds {unknown}
 E - a potion of brilliance {unknown}


   Skills:
 * Level 7.9 Fighting
 * Level 11.4 Axes
 + Level 6.0 Armour
 * Level 6.0 Dodging
 + Level 1.6 Stealth
 + Level 1.7 Shields
 * Level 6.0 Evocations


You had 10 spell levels left.
You didn't know any spells.
Your spell library was empty.

Dungeon Overview and Level Annotations

Branches:
Dungeon (10/15)            Temple (0/1) D:7
   Lair: D:8-11         Orc: D:9-12

Altars:
Ashenzari
Cheibriados
Dithmenos
Fedhas
Gozag
Hepliaklqana
Makhleb
Nemelex Xobeh
Qazlal
Ru
Uskayaw
Wu Jian
Yredelemnul
Zin

Shops:
D:1 ?   D:5 ?   D:6 *


Innate Abilities, Weirdness & Mutations

You have a pair of antennae on your head.
You have a moderately thin skeletal structure. (Dex +4, Stealth++)
Your demonic aura sometimes causes spilled blood to erupt in flames.
You sometimes gain power by taking damage.


Message History

The freezing wraith drains your vigour!
You feel yourself slow down.
You hit the freezing wraith but do no damage. x2
The death knight calls down the wrath of Yredelemnul upon you.
You struggle to resist.
The freezing wraith hits you! The freezing wraith freezes you!
The freezing wraith barely misses you. x3
The death knight completely misses you. The freezing wraith misses you.
The freezing wraith hits you but does no damage.
Unknown command.
Blink to where?
Press: ? - help, Dir - move target
As you read the scroll of blinking, it crumbles to dust.
Blink to where?
Press: ? - help, Dir - move target
As you read the scroll of blinking, it crumbles to dust.
As you read the scroll of teleportation, it crumbles to dust.
You feel strangely unstable.
Your surroundings suddenly seem different.
The death knight's dark mirror aura disappears.
The freezing wraith hits you but does no damage.
The freezing wraith hits you. The freezing wraith drains your vigour!
You feel as though you will be slow longer.
The death knight hits you from afar with a +3 glaive! x2
You focus on the pain.
You feel very mighty all of a sudden.
As you read the scroll of teleportation, it crumbles to dust.
You feel strangely unstable. The freezing wraith misses you.
The freezing wraith hits you but does no damage. x3
The death knight misses you. The freezing wraith misses you.
The freezing wraith hits you!
* * * LOW HITPOINT WARNING * * *
The freezing wraith drains your vigour!
You feel as though you will be slow longer.
The freezing wraith misses you. The freezing wraith hits you!
* * * LOW HITPOINT WARNING * * *
The freezing wraith drains your vigour!
You feel as though you will be slow longer.
The death knight hits you from afar with a +3 glaive!
* * * LOW HITPOINT WARNING * * *
The death knight hits you from afar with a +3 glaive!
You die...

#....#.. #.......
#......(#
#.......# .
#....... ..
#z........
#W......#..
#☼W..#.....
#@○p.......
#..........
#.......##.
#.........
#......####
#......+ #....#.#
#+#####+ #.#..#.#
#.......
#......####.......


You could see a death knight, a skeletal warrior and 2 freezing wraiths.

Vanquished Creatures
  An ogre mage (D:10)
  A centaur warrior (D:10)
  A phantasmal warrior (D:13)
  An ugly thing (D:10)
  2 hellwings (D:7)
  2 trolls (D:10)
  A hornet (shapeshifter) (D:13)
  A meliai zombie (D:7)
  A wraith (D:13)
  A wyvern (D:7)
  A steam dragon (D:7)
  8 yaks
  3 water moccasins
  2 sky beasts
  2 orc warriors
  2 ice beasts
  A black bear (D:4)
  6 centaurs
  2 ogres
  4 kobold brigands
  Blork the orc (D:5)
  A gnoll sergeant (D:9)
  A scorpion (D:5)
  3 bullfrogs
  A water moccasin zombie (D:5)
  A water moccasin skeleton (D:5)
  3 wights (D:6)
  2 electric eels (D:8)
  6 centaur zombies
  2 hounds
  A jelly (D:5)
  2 orc priests
  A bullfrog skeleton (D:6)
  4 centaur skeletons
  Ijyb (D:5)
  2 iguanas (D:6)
  2 orc wizards
  A howler monkey zombie (D:8)
  13 adders
  3 gnolls (D:9)
  5 shadow imps (D:7)
  An adder zombie (D:5)
  An adder skeleton (D:4)
  A dart slug (D:5)
  16 orcs
  3 bats
  5 endoplasms
  9 giant cockroaches
  9 goblins
  9 hobgoblins
  10 jackals
  2 quokkas (D:1)
  7 ball pythons
  6 frilled lizards
  29 kobolds
  3 rats
210 creatures vanquished.

Vanquished Creatures (others)
  A wight (D:6)
  5 plants (D:3)
  3 withered plants (D:7)
9 creatures vanquished.

Grand Total: 219 creatures vanquished

Notes
Turn   | Place    | Note
-------+----------+-------------------------------------------
     0 | D:1      | cbfl8 the Demonspawn Berserker began the quest for the Orb.
     0 | D:1      | Reached XP level 1. HP: 18/18 MP: 1/1
   667 | D:1      | Gained mutation: You have a somewhat thin skeletal
                  | structure. (Dex +2, Stealth+) [demonic ancestry]
   667 | D:1      | Reached XP level 2. HP: 14/24 MP: 2/2
  1055 | D:1      | Found Xemaecij's Magic Scroll Boutique.
  1902 | D:1      | Gained mutation: You sometimes gain a little power by
                  | taking damage. [demonic ancestry]
  1902 | D:1      | Reached XP level 3. HP: 29/29 MP: 3/3
  1980 | D:1      | Reached skill level 3 in Axes
  2270 | D:2      | Identified the +4 leather armour of Depression {rC+ Int+6
                  | Dex+3 Stlth+}
  2400 | D:2      | Gained mutation: You have a pair of small antennae on your
                  | head. [demonic ancestry]
  2400 | D:2      | Reached XP level 4. HP: 30/37 MP: 4/4
  2722 | D:2      | Reached skill level 1 in Evocations
  2861 | D:2      | Identified the amulet "Qar Kui" {Spirit rPois Int+6}
  3137 | D:3      | Reached ** piety under Trog
  3138 | D:3      | Reached skill level 1 in Stealth
  3256 | D:3      | Found a broken altar of Ashenzari.
  3491 | D:3      | Found a faded altar of an unknown god.
  3494 | D:3      | Noticed a shining eye
  3499 | D:3      | Noticed a great orb of eyes
  3511 | D:3      | Noticed a floating eye
  3519 | D:3      | Noticed a floating eye
  3893 | D:4      | Reached XP level 5. HP: 40/42 MP: 5/5
  4033 | D:4      | Noticed a black bear
  4043 | D:4      | Killed a black bear
  4293 | D:4      | Found a snail-covered altar of Cheibriados.
  4401 | D:4      | Gained mutation: You sometimes gain power by taking damage.
                  | [demonic ancestry]
  4401 | D:4      | Reached XP level 6. HP: 43/48 MP: 6/6
  4474 | D:4      | Reached skill level 4 in Axes
  4804 | D:5      | Entered Level 5 of the Dungeon
  4829 | D:5      | Noticed Ijyb
  4846 | D:5      | Killed Ijyb
  5162 | D:5      | Gained mutation: You have a moderately thin skeletal
                  | structure. (Dex +4, Stealth++) [demonic ancestry]
  5162 | D:5      | Reached XP level 7. HP: 51/55 MP: 5/7
  5238 | D:5      | Reached skill level 5 in Axes
  5931 | D:5      | Found Wotep's Magic Scroll Shop.
  5993 | D:5      | Bought a scroll of identify for 26 gold pieces
  5993 | D:5      | Bought a scroll of teleportation for 39 gold pieces
  5995 | D:5      | Identified 2 scrolls of acquirement
  5996 | D:5      | Acquired a +1 battleaxe of electrocution
  5998 | D:5      | Acquired a +1 plate armour of poison resistance
  6051 | D:5      | Reached skill level 1 in Shields
  6142 | D:5      | Noticed Blork the orc
  6157 | D:5      | Killed Blork the orc
  6158 | D:5      | Reached skill level 6 in Axes
  6158 | D:5      | Gained mutation: You have a pair of antennae on your head.
                  | [demonic ancestry]
  6158 | D:5      | Reached XP level 8. HP: 36/61 MP: 3/8
  6360 | D:5      | Reached skill level 5 in Fighting
  6964 | D:5      | Found a basalt altar of Yredelemnul.
  8050 | D:6      | Found Nyeph's Assorted Antiques.
  8173 | D:7      | Reached skill level 7 in Axes
  8221 | D:7      | Found a sparkling altar of Nemelex Xobeh.
  8223 | D:7      | Found a stormy altar of Qazlal.
  8226 | D:7      | Found a burning altar of Makhleb.
  8293 | D:7      | Found a hide-covered altar of Uskayaw.
  8361 | D:7      | Found a staircase to the Ecumenical Temple.
  8402 | D:7      | Reached *** piety under Trog
  8407 | D:7      | Gained mutation: Your demonic aura sometimes causes spilled
                  | blood to erupt in flames. [demonic ancestry]
  8407 | D:7      | Reached XP level 9. HP: 10/68 MP: 6/9
  8408 | D:7      | HP: 3/68 [centaur warrior zombie (3)]
  8519 | D:7      | Reached skill level 8 in Axes
  8999 | D:7      | Found a sacrificial altar of Ru.
  9041 | D:7      | Noticed a hellwing
  9043 | D:7      | Noticed a hellwing
  9910 | D:7      | Killed a hellwing
  9911 | D:7      | Reached skill level 9 in Axes
  9977 | D:7      | Reached XP level 10. HP: 52/77 MP: 7/10
 10178 | D:7      | Found a blossoming altar of Fedhas.
 10285 | D:7      | Reached skill level 5 in Dodging
 10365 | D:7      | Reached skill level 5 in Armour
 10365 | D:7      | Reached skill level 5 in Evocations
 10568 | D:7      | Found a shadowy altar of Dithmenos.
 10569 | D:7      | Found a hazy altar of Hepliaklqana.
 11169 | D:8      | Reached skill level 10 in Axes
 11908 | D:9      | Found an ornate altar of the Wu Jian Council.
 12194 | D:9      | Found an opulent altar of Gozag.
 12493 | D:9      | Reached **** piety under Trog
 12801 | D:10     | Entered Level 10 of the Dungeon
 12884 | D:10     | Noticed a white ugly thing
 12890 | D:10     | Killed a white ugly thing
 12925 | D:10     | Noticed an ogre mage
 13319 | D:10     | Paralysed by an ogre mage for 6 turns
 13325 | D:10     | Killed an ogre mage
 13326 | D:10     | Reached XP level 11. HP: 54/84 MP: 9/11
 13590 | D:10     | Noticed a centaur warrior
 13598 | D:10     | Killed a centaur warrior
 13599 | D:10     | Reached skill level 11 in Axes
 13906 | D:10     | You fall into a shaft and drop 3 floors!
 13919 | D:13     | Noticed a stone giant
 13920 | D:13     | Noticed a two-headed ogre
 14059 | D:13     | Noticed a phantasmal warrior
 14066 | D:13     | Killed a phantasmal warrior
 14320 | D:13     | Noticed a death knight
 14323 | D:13     | Noticed a skeletal warrior
 14333 | D:13     | HP: 2/86 [death knight/+3 glaive (15)]
 14333 | D:13     | Mangled by a death knight

Illustrated notes

Levels and vault maps discovered:
D:1:      minmay_arrival_stair_chambers, layout_loops_ring, serial_shops,
          nicolae_square_shop
D:2:      layout_rooms, serial_undead, serial_undead_c, serial_undead_c,
          serial_undead_f, serial_undead_e
D:3:      layout_loops_cross, evilmike_ruin_ashenzari,
          hellmonk_ecumenical_altar_watching_god, serial_bayou_pond_b
D:4:      layout_rooms, mainiacjoe_overflow_six_doors_small,
          hangedman_abyss_or_decor_stagger
D:5:      minmay_general_purpose_star, layout_basic,
          mainiacjoe_overflow_24_doors, serial_shops, shop_fountains,
          uniq_blork_the_orc, uniq_ijyb
D:6:      layout_loops_ring, serial_shops, shop, lemuel_old_faithful
D:7:      cheibrodos_grave_circle, layout_basic,
          riverfiend_overflow_shadow_ancestor, kennysheep_little_box,
          mainiacjoe_overflow_surrounded_room, kennysheep_mini_moat,
          grunt_temple_overflow_open, minmay_temple_entry_glass, serial_glass,
          glass_columns_a, glass_columns_a
D:8:      layout_loops_ring, kennysheep_donut
D:9:      layout_long_grid, marbit_many_paths, nzn_wu_jian_contemplation,
          chequers_serial_rivers_micro_e
D:10:     minmay_diamond_stairs, layout_rooms, orc_0_dummy, minivault_25
D:13:     gammafunk_beogh_shrine, layout_stronghold, grunt_vaults_entry_tiered

Skill      XL: |  1  2  3  4  5  6  7  8  9 10 11 |
---------------+----------------------------------+-----
Dodging        | 2 3 4 5 6 |  6.0
Armour         | 2 3 4 5 6 |  6.0
Axes           | 3 4 6 7 9 10 11 | 11.4
Evocations     | 1 2 3 4 5 6 |  6.0
Stealth        | 1 |  1.6
Fighting       | 4 5 6 7 |  7.9
Shields        | 1 |  1.7

Action                   |  1- 3 |  4- 6 |  7- 9 | 10-12 || total
-------------------------+-------+-------+-------+-------++-------
Melee: Hand axe          |   147 |   203 |   114 |       ||   464
       Unarmed           |       |       |    10 |       ||    10
       Battleaxe         |       |       |   125 |   152 ||   277
Invok: Berserk           |     1 |     2 |     6 |     1 ||    10
       Trog's Hand       |       |       |     1 |       ||     1
Evoke: Wand              |       |       |     3 |    10 ||    13
  Use: Scroll            |       |       |     7 |     6 ||    13
       Potion            |       |       |     2 |       ||     2
 Stab: Sleeping          |     5 |     5 |       |       ||    10
Armor: Animal skin       |     9 |       |       |       ||     9
       Ring mail         |    31 |       |       |       ||    31
       Leather armour    |     7 |    20 |       |       ||    27
       Chain mail        |       |    82 |    40 |       ||   122
       Plate armour      |       |       |   159 |   124 ||   283
       Skin              |       |       |     1 |       ||     1
Dodge: Dodged            |    84 |    92 |   145 |   103 ||   424
Block: Buckler           |     7 |    35 |    19 |       ||    61
